 Dungeon Crawl Stone Soup version 0.19.1-1-g22dce08 (webtiles) character file.

4143 bration the Cleaver (level 10, -1/88 HPs)
             Began as a Minotaur Berserker on Dec 29, 2016.
             Was a Priest of Trog.
             Succumbed to barbed spike wounds
             ... on level 8 of the Dungeon.
             The game lasted 00:18:52 (5748 turns).

bration the Cleaver (Minotaur Berserker)            Turns: 5748, Time: 00:18:53

Health: -1/88      AC:  8    Str: 24    XL:     10   Next: 7%
Magic:  9/9        EV: 14    Int:  4    God:    Trog [***...]
Gold:   489        SH:  0    Dex: 11    Spells: 0 memorised, 9 levels left

rFire  . . .     SeeInvis .     o - +0 war axe
rCold  + . .     Gourm    .     w - +0 ring mail
rNeg   + . .     Faith    .     (no shield)
rPois  .         Spirit   .     (helmet restricted)
rElec  .         Reflect  .     (no cloak)
rCorr  .         Harm     +     g - +0 pair of gloves
MR     .....                    (no boots)
Stlth  +.........               l - amulet of harm
                                A - ring of positive energy
                                G - ring of protection from cold

@: exhausted, about to teleport, barbed spikes, very slightly contaminated,
hasted and slowed
A: retaliatory headbutt, horns 2
a: Berserk, Trog's Hand, Burn Spellbooks, Renounce Religion


You were on level 8 of the Dungeon.
You worshipped Trog.
Trog was most pleased with you.
You were very hungry.

You visited 1 branch of the dungeon, and saw 8 of its levels.

You collected 489 gold pieces.

Inventory:

Hand Weapons
 a - a +0 hand axe
 o - a +0 war axe (weapon)
Armour
 b - a +0 animal skin
 g - a +0 pair of gloves (worn)
 w - a +0 ring mail (worn)
Jewellery
 l - an amulet of harm (around neck)
 m - an uncursed amulet of regeneration {unknown}
 v - an uncursed ring of teleportation
 A - a ring of positive energy (right hand)
 G - a ring of protection from cold (left hand)
Wands
 s - a wand of random effects (5/48)
 t - a wand of random effects (24/48)
 K - a wand of flame (2/48)
Scrolls
 f - 2 scrolls of enchant armour {unknown}
 h - 2 scrolls of amnesia
 x - 2 scrolls of remove curse
 y - 3 scrolls of enchant weapon {unknown}
 D - 2 scrolls of noise {unknown}
 E - 2 scrolls of fear {unknown}
 F - a scroll of teleportation
 H - a scroll of magic mapping {unknown}
Potions
 d - 3 potions of might
 e - a potion of berserk rage
 i - a potion of lignification
 n - 2 potions of curing
 p - 2 potions of ambrosia {unknown}
 q - a potion of degeneration
 r - a potion of magic
 u - 2 potions of agility
 z - a potion of brilliance {unknown}
 I - a potion of flight {unknown}
Books
 B - a book of Beasts

   Spells                             Type                      Level
   a - Summon Butterflies             Summoning                    1
   b - Call Canine Familiar           Summoning                    3
   c - Summon Ice Beast               Ice/Summoning                4
   d - Summon Mana Viper              Hexes/Summoning              5
   e - Summon Hydra                   Summoning                    7
   Trog disapproves of the use of such an item.
Comestibles
 c - 9 bread rations
 j - 4 meat rations


   Skills:
 + Level 8.0 Fighting
 * Level 12.7 Axes
 + Level 7.3 Armour
 + Level 6.4 Dodging


You had 9 spell levels left.
You didn't know any spells.

Dungeon Overview and Level Annotations

Branches:
Dungeon (8/15)             Temple (0/1) D:7
   Lair: D:8-11

Altars:
Qazlal
Vehumet
Xom
Yredelemnul
Zin
The Shining One

Shops:
D:6 =

Annotations:
D:8 Paps's ghost, novice GrFi


Innate Abilities, Weirdness & Mutations

You reflexively headbutt those who attack you in melee.
You have a pair of horns on your head.


Message History

Zapping:
s - a wand of random effects {zapped: 12} (will waste charges)
Press: ? - help, Shift-Dir - straight line, f/p - Paps's ghost
Aim: Paps's ghost, wielding a weapon of protection (lightly damaged) Paps's ghost seems to speed up.
Evoking this partially-identified wand wasted a few charges.
Paps's ghost says, "I am made of steel!"
As you read the scroll of teleportation, it crumbles to dust.
You feel strangely unstable. Paps's ghost hits you.
* * * LOW HITPOINT WARNING * * *
Okay, then.
Unknown command.
Okay, then.
Unknown command.
You feel yourself speed up.
Paps's ghost hits you but does no damage.
Paps's ghost hits you!
* * * LOW HITPOINT WARNING * * *
The barbs in your skin will harm you if you move.
Continue?
The barbed spikes dig painfully into your body as you move.
You die...

#.# #.# #(# #.# #.#
#.# #.# #.# #.# #.#
#.# #.#
.#.####.############.#
.....................#
......#.#.....@......#
#..####.#####.#####.##
..........# #W# #.#
#.#.......# #.# #.#
#.......###.# #.#
#..)....'.#.# #.#
#.......#.#.# #<#
##.######.#.#######
..................


You could see Paps's ghost.

Vanquished Creatures
  A hill giant (D:7)
  A manticore (D:8)
  Prince Ribbit (D:5)
  A spriggan (D:7)
  A human (D:3)
  Menkaure (D:7)
  3 orc warriors
  2 sky beasts
  A necrophage (D:7)
  2 ogres (D:6)
  5 centaurs
  A big kobold (D:7)
  4 bullfrogs
  A wyvern skeleton (D:7)
  4 scorpions
  A howler monkey (D:6)
  2 centaur zombies
  6 crimson imps
  A bullfrog skeleton (D:5)
  2 bullfrog zombies
  2 hounds
  A centaur skeleton (D:7)
  A jelly (D:7)
  An orc priest (D:6)
  4 orc wizards
  2 worker ants
  A statue (D:4)
  3 hound skeletons
  A howler monkey zombie (D:5)
  A worker ant zombie (D:7)
  8 gnolls
  6 adders
  3 shadow imps (D:6)
  An ooze (D:2)
  An adder skeleton (D:5)
  A worm (D:2)
  4 leopard geckos
  9 orcs
  9 bats
  7 giant cockroaches
  6 goblins
  5 hobgoblins
  4 jackals (D:6)
  A quokka (D:5)
  3 ball pythons
  7 frilled lizards
  A jackal zombie (D:3)
  14 kobolds
  2 leopard gecko zombies
  A quokka skeleton (D:4)
  5 rats
156 creatures vanquished.

Notes
Turn   | Place    | Note
-------+----------+-------------------------------------------
     0 | D:1      | bration the Minotaur Berserker began the quest for the Orb.
     0 | D:1      | Reached XP level 1. HP: 19/19 MP: 0/0
   295 | D:1      | Reached skill level 4 in Axes
   312 | D:1      | Reached XP level 2. HP: 22/26 MP: 1/1
   635 | D:1      | Reached ** piety under Trog
  1057 | D:2      | Reached skill level 5 in Axes
  1077 | D:2      | Reached XP level 3. HP: 31/31 MP: 2/2
  1276 | D:2      | Found a glowing silver altar of Zin.
  1803 | D:3      | Reached skill level 6 in Axes
  1803 | D:3      | Reached XP level 4. HP: 18/39 MP: 3/3
  2007 | D:3      | Found a stormy altar of Qazlal.
  2028 | D:3      | Found a runed door.
  2028 | D:3      | Noticed a human
  2041 | D:3      | Found a basalt altar of Yredelemnul.
  2062 | D:3      | Killed a human
  2062 | D:3      | Reached skill level 7 in Axes
  2062 | D:3      | Reached XP level 5. HP: 26/45 MP: 4/4
  2295 | D:3      | Reached skill level 8 in Axes
  2302 | D:3      | Reached XP level 6. HP: 21/51 MP: 5/5
  2804 | D:4      | Reached *** piety under Trog
  2889 | D:4      | Found a radiant altar of Vehumet.
  2894 | D:4      | Reached skill level 9 in Axes
  3075 | D:5      | Entered Level 5 of the Dungeon
  3129 | D:5      | Reached XP level 7. HP: 55/58 MP: 6/6
  3316 | D:5      | Found a shimmering altar of Xom.
  3353 | D:5      | Noticed Prince Ribbit
  3361 | D:5      | Killed Prince Ribbit
  3361 | D:5      | Reached skill level 10 in Axes
  3579 | D:5      | Reached XP level 8. HP: 67/67 MP: 7/7
  3655 | D:5      | Reached skill level 5 in Fighting
  3954 | D:6      | Reached skill level 5 in Armour
  4069 | D:6      | Found a glowing golden altar of the Shining One.
  4086 | D:6      | Reached **** piety under Trog
  4105 | D:6      | Reached skill level 11 in Axes
  4141 | D:6      | Found Tennuam's Jewellery Shop.
  4144 | D:6      | Reached skill level 5 in Dodging
  4172 | D:6      | Reached XP level 9. HP: 45/77 MP: 8/8
  4787 | D:7      | Noticed a hill giant
  4793 | D:7      | Killed a hill giant
  4796 | D:7      | Reached skill level 12 in Axes
  4826 | D:7      | Found a staircase to the Ecumenical Temple.
  5083 | D:7      | Noticed Menkaure
  5093 | D:7      | Killed Menkaure
  5705 | D:8      | Noticed a manticore
  5717 | D:8      | Killed a manticore
  5717 | D:8      | Reached XP level 10. HP: 31/88 MP: 9/9
  5724 | D:8      | Noticed Paps's ghost (novice GrFi)
  5748 | D:8      | Succumbed to barbed spike wounds

Skill      XL: |  1  2  3  4  5  6  7  8  9 |
---------------+----------------------------+-----
Axes           | 4 5 6 7 8 9 10 11 12 | 12.7
Fighting       | 4 6 8 |  8.0
Armour         | 4 5 7 |  7.3
Dodging        | 3 5 6 |  6.4

Action                   |  1- 3 |  4- 6 |  7- 9 | 10-12 || total
-------------------------+-------+-------+-------+-------++-------
Melee: Hand axe          |    77 |    72 |       |       ||   149
       Headbutt          |     6 |    12 |    41 |     3 ||    62
       War axe           |       |    28 |   191 |    15 ||   234
Invok: Trog's Hand       |       |     1 |     3 |     1 ||     5
       Berserk           |       |       |     5 |       ||     5
Evoke: Wand              |       |       |     4 |     3 ||     7
  Use: Scroll            |     7 |       |     8 |     2 ||    17
       Potion            |     1 |       |     1 |     3 ||     5
 Stab: Distracted        |       |     1 |       |       ||     1
       Sleeping          |       |     1 |       |       ||     1
  Eat: Chunk             |     1 |     6 |    11 |       ||    18
       Beef jerky        |       |       |     2 |       ||     2
Armor: Animal skin       |     7 |    12 |       |       ||    19
       Ring mail         |       |    14 |    34 |    10 ||    58
Dodge: Dodged            |    37 |    69 |   102 |     4 ||   212
